 Dungeon Crawl Stone Soup version 0.23.2-33-g5129a83 (webtiles) character file.

Game seed: 647283693624300602

2998 Aphrodieselac the Spear-Bearer (level 9, -13/61 HPs)
             Began as a Merfolk Skald on Aug 7, 2019.
             Was a Follower of Okawaru.
             Mangled by an ogre
             ... wielding a +0 giant spiked club
              (33 damage)
             ... on level 8 of the Dungeon.
             The game lasted 00:53:11 (9980 turns).

Aphrodieselac the Spear-Bearer (Merfolk Skald)      Turns: 9980, Time: 00:53:12

Health: -13/61     AC:  4    Str: 12    XL:     9   Next: 84%
Magic:  10/12      EV: 12    Int: 15    God:    Okawaru [*.....]
Gold:   473        SH:  0    Dex: 13    Spells: 1/12 levels left

rFire    . . .     SeeInvis .   C - +2 glaive (freeze)
rCold    . . .     Gourm    .   (shield currently unavailable)
rNeg     . . .     Faith    .   r - +0 leather armour
rPois    .         Spirit   .   (no helmet)
rElec    .         Reflect  .   p - +0 cloak
rCorr    .         Harm     .   (no gloves)
MR       .....                  (no boots)
Stlth    +.........             v - amulet of regeneration
HPRegen  0.60/turn              o - ring of wizardry
MPRegen  0.13/turn              (no ring)

@: no status effects
A: change form in water, swift swim, stealthy swim
a: Heroism, Renounce Religion


You were on level 8 of the Dungeon.
You worshipped Okawaru.
Okawaru was aware of your devotion.
You were not hungry.

You visited 2 branches of the dungeon, and saw 9 of its levels.
You also visited: Ossuary.

You collected 473 gold pieces.

Inventory:

Hand Weapons
 a - a +0 spear
 b - a +2 hunting sling of freezing
 C - a +2 glaive of freezing (weapon)
Missiles
 j - 16 sling bullets
 m - 17 poisoned needles
 H - 3 tomahawks (quivered)
Armour
 n - a +0 buckler
 p - a +0 cloak (worn)
 r - a +0 leather armour (worn)
Jewellery
 o - a ring of wizardry (left hand)
 v - an amulet of regeneration (around neck)
Wands
 w - a wand of random effects (8)
Scrolls
 f - 4 scrolls of remove curse
 g - 5 scrolls of teleportation
 i - 4 scrolls of magic mapping
 k - 2 scrolls of identify
 l - 4 scrolls of noise
 t - a scroll of fog
 y - 3 scrolls of immolation
 z - 2 scrolls of blinking {unknown}
 D - 2 scrolls of torment {unknown}
 G - 2 scrolls of enchant weapon {unknown}
Potions
 c - 3 potions of curing {unknown}
 e - 5 potions of brilliance {unknown}
 h - 4 potions of resistance {unknown}
 s - a potion of might
 u - 3 potions of haste
 x - a potion of mutation
 A - 2 potions of flight
 B - 2 potions of ambrosia
 E - 2 potions of heal wounds
 F - a potion of agility
Miscellaneous
 q - a lamp of fire
Comestibles
 d - 11 rations
 I - a chunk of flesh


   Skills:
 - Level 2.1 Fighting
 * Level 13.6 Polearms
 - Level 0.6 Armour
 - Level 2.6 Dodging
 - Level 2.0 Spellcasting
 - Level 10.4 Charms


You had one spell level left.
You knew the following spells:

 Your Spells              Type           Power        Failure   Level  Hunger
a - Infusion              Chrm           ####         1%          1    #......
b - Song of Slaying       Chrm           ####....     1%          2    ###....
c - Shroud of Golubria    Chrm/Tloc      ###.......   1%          2    ###....
d - Spectral Weapon       Hex/Chrm       ###.....     4%          3    ###....
e - Regeneration          Chrm/Necr      ###.......   4%          3    ###....

Your spell library contained the following spells:

 Spells                   Type           Power        Failure   Level  Hunger
 Flame Tongue             Conj/Fire      #....        12%         1    #......
 Magic Dart               Conj           #...         12%         1    #......
 Shock                    Conj/Air       #...         12%         1    #......
 Swiftness                Chrm/Air       ###.....     1%          2    ###....
 Searing Ray              Conj           #.....       16%         2    ###....
 Throw Flame              Conj/Fire      #.....       16%         2    ###....
 Conjure Flame            Conj/Fire      #.......     32%         3    ###....
 Dazzling Spray           Conj/Hex       #.....       32%         3    ###....
 Inner Flame              Hex/Fire       #.......     32%         3    ###....
 Static Discharge         Conj/Air       #.......     32%         3    ###....
 Airstrike                Air            #.........   69%         4    #####..
 Force Lance              Conj/Tloc      #.......     69%         4    #####..
 Fulminant Prism          Conj/Hex       #.........   69%         4    #####..
 Iskenderun's Mystic Bla  Conj           #.......     69%         4    #####..
 Sticky Flame             Conj/Fire      #.......     69%         4    #####..
 Fireball                 Conj/Fire      #.........   95%         5    ######.
 Lightning Bolt           Conj/Air       #.........   95%         5    ######.


Dungeon Overview and Level Annotations

Branches:
Dungeon (8/15)             Temple (1/1) D:7
   Lair: D:8-11

Altars:
Ashenzari
Elyvilon
Gozag
Kikubaaqudgha
Nemelex Xobeh
Okawaru
Sif Muna
Vehumet
Xom
Yredelemnul
Zin
The Shining One

Shops:
D:7 *

Annotations:
D:1 Terence
D:4 1 transporter, RebellionBird's ghost, amateur OgBe
D:5 Sigmund


Message History

You reach to attack!
You slash the ogre! You freeze the ogre.
The ogre is moderately wounded.
Your shroud bends the shadow imp's attack away.
Your leather armour prevents you from hitting the ogre.
The ogre is moderately wounded.
Your shroud bends the shadow imp's attack away.
The ogre hits you with a +0 giant spiked club!
You slash the ogre! You freeze the ogre.
The ogre is severely wounded.
The shadow imp misses you.
You hit the ogre. You freeze the ogre.
The ogre is almost dead.
The ogre hits you with a +0 giant spiked club!!
The shadow imp hits you.
Your shroud falls apart!
You closely miss the ogre.
The ogre is almost dead.
The ogre hits you with a +0 giant spiked club!!
Ouch! That really hurt!
You die...

##.....##..
#........# .
##.......##.##
##.......#
#.##........##..#
#........#
#........#....#..#
##..#
..########...
#...# .# #....
##..# #..... #/.#


You could see an ogre and a shadow imp.

Vanquished Creatures
  Grinder (D:4)
  Edmund (D:3)
  A water moccasin (D:4)
  Duvessa (D:6)
  An ice beast (D:8)
  A black bear (D:8)
  An orc warrior (D:6)
  An ogre (D:6)
  3 centaurs
  4 bullfrogs
  Blork the orc (D:6)
  2 scorpions
  Dowan (D:6)
  A killer bee (D:8)
  A howler monkey (D:8)
  2 crimson imps
  2 centaur zombies (Ossuary)
  A bullfrog zombie (D:6)
  4 hounds
  2 jellies
  6 orc priests
  Crazy Yiuf (D:6)
  7 orc wizards
  4 worker ants
  2 iguanas (D:6)
  2 big kobold zombies (Ossuary)
  2 hound skeletons (D:4)
  3 mummies
  A worker ant zombie (D:4)
  10 adders
  A howler monkey skeleton (D:4)
  3 gnolls (D:6)
  5 adder zombies
  2 worms (D:2)
  3 dart slugs
  7 leopard geckos
  30 orcs
  7 bats
  4 giant cockroaches
  7 goblins
  9 hobgoblins
  14 jackals
  A ball python (D:2)
  6 frilled lizards
  2 goblin zombies (Ossuary)
  6 hobgoblin zombies (Ossuary)
  2 jackal zombies (Ossuary)
  5 kobolds
  13 kobold zombies (Ossuary)
  6 orc zombies (Ossuary)
  A quokka skeleton (D:4)
  8 rats
  A rat zombie (Ossuary)
213 creatures vanquished.

Vanquished Creatures (others)
  A spectral weapon (D:3)
1 creature vanquished.

Grand Total: 214 creatures vanquished

Notes
Turn   | Place    | Note
-------+----------+-------------------------------------------
     0 | D:1      | Aphrodieselac the Merfolk Skald began the quest for the
                  | Orb.
     0 | D:1      | Reached XP level 1. HP: 16/16 MP: 3/3
    97 | D:1      | Reached XP level 2. HP: 6/22 MP: 0/5
   974 | D:1      | Reached XP level 3. HP: 27/27 MP: 6/6
  1199 | D:1      | Learned a level 2 spell: Song of Slaying
  1202 | D:1      | Learned a level 2 spell: Shroud of Golubria
  1286 | D:2      | Reached skill level 4 in Polearms
  1353 | D:2      | Reached XP level 4. HP: 26/33 MP: 1/7
  1515 | D:2      | Reached skill level 5 in Charms
  1688 | D:2      | Noticed Terence
  2239 | D:3      | Reached XP level 5. HP: 32/38 MP: 8/8
  2431 | D:3      | Reached skill level 5 in Polearms
  3056 | D:3      | Found a glowing golden altar of the Shining One.
  3204 | D:3      | Reached XP level 6. HP: 25/44 MP: 1/9
  3443 | D:4      | Noticed Edmund
  3554 | D:4      | Learned a level 3 spell: Spectral Weapon
  3557 | D:4      | Noticed RebellionBird's ghost (amateur OgBe)
  3562 | D:4      | Found a transporter.
  4165 | D:4      | Reached skill level 6 in Polearms
  4555 | D:4      | Noticed Grinder
  4992 | D:3      | Killed Edmund
  4992 | D:3      | Reached XP level 7. HP: 16/50 MP: 0/10
  5122 | D:4      | Reached skill level 7 in Polearms
  5314 | D:5      | Entered Level 5 of the Dungeon
  5338 | D:5      | Noticed Sigmund
  5655 | D:4      | Killed Grinder
  5655 | D:4      | Reached XP level 8. HP: 34/56 MP: 2/11
  5810 | D:4      | Reached skill level 8 in Polearms
  6051 | D:6      | Noticed Dowan
  6067 | D:6      | Killed Dowan
  6288 | D:6      | Found a shimmering altar of Xom.
  7393 | D:6      | Noticed Blork the orc
  7409 | D:6      | Killed Blork the orc
  7438 | D:6      | Found a runed translucent door.
  7439 | D:6      | Noticed Crazy Yiuf
  7497 | D:6      | Killed Crazy Yiuf
  7497 | D:6      | Reached skill level 9 in Polearms
  7535 | D:6      | Noticed Duvessa
  7559 | D:6      | Killed Duvessa
  7559 | D:6      | Reached skill level 10 in Charms
  7647 | D:6      | Found an ancient bone altar of Kikubaaqudgha.
  7648 | D:6      | Found a sparkling altar of Nemelex Xobeh.
  7648 | D:6      | Found a glowing silver altar of Zin.
  7648 | D:6      | Found a deep blue altar of Sif Muna.
  7656 | D:6      | Found an opulent altar of Gozag.
  7656 | D:6      | Found a radiant altar of Vehumet.
  7973 | D:6      | Reached XP level 9. HP: 33/61 MP: 12/12
  7978 | D:6      | Learned a level 3 spell: Regeneration
  8000 | D:6      | Reached skill level 10 in Polearms
  8288 | D:7      | Found a sand-covered staircase.
  8297 | Ossuary  | Entered an ossuary
  8396 | Ossuary  | Reached skill level 11 in Polearms
  8719 | D:7      | Found a staircase to the Ecumenical Temple.
  8734 | Temple   | Entered the Ecumenical Temple
  8760 | Temple   | Became a worshipper of Warmaster Okawaru
  8801 | D:7      | Found Curaerod's Assorted Antiques.
  9157 | D:7      | Found a shattered altar of Ashenzari.
  9468 | D:8      | Reached skill level 12 in Polearms
  9474 | D:8      | Reached * piety under Okawaru
  9560 | D:8      | Reached skill level 13 in Polearms
  9980 | D:8      | Mangled by an ogre

Skill      XL: |  1  2  3  4  5  6  7  8  9 |
---------------+----------------------------+-----
Charms         | 4 5 6 7 8 10 | 10.4
Polearms       | 4 5 6 7 9 13 | 13.6
Fighting       | |  2.1
Armour         | |  0.6
Dodging        | |  2.6
Spellcasting   | |  2.0

Action                   |  1- 3 |  4- 6 |  7- 9 || total
-------------------------+-------+-------+-------++-------
Melee: Spear             |   114 |   480 |   277 ||   871
       Glaive            |       |       |   258 ||   258
 Fire: Hunting sling     |       |     4 |     9 ||    13
Throw: Throwing net      |       |       |     1 ||     1
       Tomahawk          |       |       |     2 ||     2
 Cast: Infusion          |     6 |    19 |    20 ||    45
       Shroud of Golubri |     3 |    21 |    19 ||    43
       Song of Slaying   |       |     3 |     9 ||    12
       Spectral Weapon   |       |     3 |     1 ||     4
  Use: Scroll            |       |       |    13 ||    13
 Stab: Sleeping          |       |     1 |       ||     1
       Distracted        |       |       |     1 ||     1
  Eat: Chunk             |     2 |    12 |    15 ||    29
       Ration            |       |     1 |     1 ||     2
Armor: Leather armour    |    31 |    75 |    73 ||   179
Dodge: Dodged            |    51 |   201 |   217 ||   469
Block: Buckler           |     2 |    46 |    19 ||    67
